 Dungeon Crawl Stone Soup version 0.23.0-33-g5e6c059 (webtiles) character file.

Game seed: 18421781360274050691

18258 Hasart the Thaumaturge (level 12, -18/66 HPs)
             Began as a Deep Elf Earth Elementalist on Feb 27, 2019.
             Was a High Priest of Vehumet.
             Demolished by a shadow (27 damage)
             ... on level 13 of the Dungeon.
             The game lasted 00:45:12 (13858 turns).

Hasart the Thaumaturge (DEEE)                      Turns: 13858, Time: 00:45:12

Health: -18/66     AC:  8    Str:  2 (5)  XL:     12   Next: 26%
Magic:  15/31      EV: 19    Int: 24 (26) God:    Vehumet [*****.]
Gold:   665        SH:  0    Dex: 15      Spells: 21/38 levels left

rFire    . . .     SeeInvis .   k - +2 scimitar (holy)
rCold    + . .     Gourm    .   (no shield)
rNeg     . . .     Faith    .   c - +0 robe
rPois    .         Spirit   .   C - +2 hat {MR+}
rElec    .         Reflect  .   F - +2 cloak {MR+}
rCorr    +         Harm     .   q - +0 pair of gloves
MR       +++..                  (no boots)
Stlth    ++........             a - amulet of magic regeneration
HPRegen  0.21/turn              A - ring "Pifridie" {rCorr rC+ Slay+3}
MPRegen  0.47/turn              J - +2 ring of evasion

@: no status effects
A: no striking features
a: Renounce Religion


You were on level 13 of the Dungeon.
You worshipped Vehumet.
Vehumet was extremely pleased with you.
You were very hungry.

You visited 2 branches of the dungeon, and saw 14 of its levels.

You collected 761 gold pieces.
You spent 96 gold pieces at shops.

Inventory:

Hand Weapons
 k - a +2 scimitar of holy wrath (weapon)
Missiles
 b - 170 stones (quivered)
Armour
 c - a +0 robe (worn)
 q - a +0 pair of gloves (worn)
 C - a +2 hat of magic resistance (worn)
 F - a +2 cloak of magic resistance (worn)
Jewellery
 a - an amulet of magic regeneration (around neck)
 w - a +4 amulet of reflection
 A - the ring "Pifridie" (left hand) {rCorr rC+ Slay+3}
   (You found it on level 9 of the Dungeon)

   [ring of resist corrosion]

   It affects your accuracy and damage with ranged weapons and melee attacks
   (+3).
   It protects you from cold.
 B - an uncursed ring of protection from cold
 J - a +2 ring of evasion (right hand)
Wands
 l - a wand of flame (30)
 r - a wand of random effects (20)
 v - a wand of paralysis (4)
 x - a wand of scattershot (8)
 I - a wand of enslavement (12)
 N - a wand of polymorph (8)
Scrolls
 e - 2 scrolls of noise {unknown}
 f - a scroll of fog {unknown}
 g - 17 scrolls of identify
 i - 2 scrolls of magic mapping
 n - 4 scrolls of teleportation
 o - 4 scrolls of blinking {unknown}
 t - 2 scrolls of summoning {unknown}
 u - a scroll of torment {unknown}
 y - 3 scrolls of enchant armour {unknown}
 z - a scroll of amnesia {unknown}
 D - 3 scrolls of vulnerability {unknown}
 E - 4 scrolls of remove curse
 H - a scroll of random uselessness {unknown}
 M - a scroll of enchant weapon {unknown}
 O - 2 scrolls of brand weapon {unknown}
Potions
 h - 3 potions of curing
 j - 2 potions of haste
 m - 3 potions of mutation
 p - a potion of lignification
Comestibles
 d - 21 rations


   Skills:
 - Level 4.0 Fighting
 - Level 3.0 Long Blades
 - Level 8.0 Dodging
 - Level 2.4 Stealth
 * Level 13.8 Spellcasting
 + Level 10.8 Conjurations
   Level 1.1 Transmutations
 + Level 4.8 Fire Magic
 - Level 3.0 Air Magic
 + Level 10.4 Earth Magic
 - Level 3.0 Poison Magic


You had 21 spell levels left.
You knew the following spells:

 Your Spells              Type           Power        Failure   Level  Hunger
a - Stone Arrow           Conj/Erth      ######       1%          3    None
b - Sandblast             Erth           ######       1%          1    None
c - Lee's Rapid Deconstr  Erth           ######....   1%          5    ###....
d - Mephitic Cloud        Conj/Pois/Air  #####...     1%          3    None
e - Bolt of Magma         Conj/Fire/Erth ######....   1%          5    ###....

Your spell library contained the following spells:

 Spells                   Type           Power        Failure   Level  Hunger
 Force Lance              Conj/Tloc      #####...     1%          4    None
 Magic Dart               Conj           ####         1%          1    None
 Passwall                 Tmut/Erth      #####...     1%          2    None
 Conjure Flame            Conj/Fire      ######..     1%          3    None
 Dazzling Spray           Conj/Hex       #####.       1%          3    None
 Corona                   Hex            ###....      3%          1    None
 Petrify                  Tmut/Erth      #####...     3%          4    None
 Blink                    Tloc           N/A          5%          2    None
 Call Imp                 Summ           ###.....     5%          2    None
 Ensorcelled Hibernation  Hex/Ice        ###...       5%          2    None
 Slow                     Hex            ###.....     5%          2    None
 Confuse                  Hex            ###.....     11%         3    None
 Tukima's Dance           Hex            ###.....     11%         3    None


Dungeon Overview and Level Annotations

Branches:
Dungeon (13/15)            Temple (1/1) D:4            Lair (0/6) D:11
    Orc (0/2) D:11
 Vaults: D:13-14

Altars:
Ashenzari
Cheibriados
Dithmenos
Elyvilon
Fedhas
Gozag
Hepliaklqana
Kikubaaqudgha
Makhleb
Nemelex Xobeh
Okawaru
Qazlal
Ru
Sif Muna
Trog
Uskayaw
Vehumet
Wu Jian
Xom
Yredelemnul
Zin
The Shining One

Shops:
D:12 !


Message History

Press: ? - help, Shift-Dir - straight line The stone arrow misses the wraith.
The wraith barely misses you.
You riposte.
You hit the wraith but do no damage.
The wraith is severely damaged.
Casting: Stone Arrow (safe; 1% risk of failure)
Confirm with . or Enter, or press ? or * to list all spells.
Aiming: Stone Arrow (safe; 1% risk of failure)
Press: ? - help, Shift-Dir - straight line The stone arrow hits the wraith!
You destroy the wraith!
Vehumet accepts your kill.
You feel your power returning.
Some rock shatters into small pieces.
A worker ant comes into view.
The deep troll earth mage gestures at something while chanting.
The wall shatters!
The blast of rock fragments hits you!!
* * * LOW HITPOINT WARNING * * *
Unknown command.
A crocodile comes into view.
The shadow strikes at you from the darkness!
You die...

#....# #....# ####### #....#
#...#.# #.....# #...#.#
#.#....######
#...#.##.##.........# #+
#...#.#.###.........# ...
#...#...............# ....
#...'.@......^......#
....†####.(......#######.#
......t.T5.......#.....#.###
........a.)......#.....#...#
....##.#+###.....#.....#...#
# .. #.. #.....#.....#...#
#. #. #.....#.....+...# .. #
#.....#.....#...# ..
+.....#.....#...#


You could see a deep troll earth mage, a crocodile, a worker ant and a crimson
imp.

Vanquished Creatures
  Josephine (D:10)
  2 hydras
  A centaur warrior (D:13)
  A death knight (D:10)
  2 two-headed ogres
  An unseen horror (D:13)
  A kobold demonologist (D:11)
  Grinder (D:5)
  A polar bear (D:10)
  A hornet (D:12)
  3 hippogriffs
  A centaur simulacrum (D:10)
  6 wraiths
  2 wyverns
  4 hogs (D:7)
  A human (D:7)
  Eustachio (D:4)
  2 basilisks (D:11)
  5 yaks
  A steam dragon (D:10)
  2 wargs (D:11)
  2 hungry ghosts
  A water moccasin (D:5)
  3 porcupines (D:11)
  Duvessa (D:6)
  3 ice beasts
  A hornet zombie (D:13)
  5 phantoms
  2 sky beasts
  3 black bears
  An eye of draining (D:11)
  9 ogres
  10 orc warriors
  A necrophage (D:6)
  5 wolves
  8 centaurs
  2 crocodiles (D:11)
  Blork the orc (D:5)
  5 big kobolds
  4 bullfrogs
  4 scorpions
  Dowan (D:6)
  8 killer bees
  An electric eel (D:10)
  3 howler monkeys
  4 crimson imps
  2 bullfrog zombies (D:5)
  A centaur zombie (D:5)
  2 gnoll shamans (D:5)
  7 hounds
  3 jellies
  4 bullfrog skeletons
  7 orc priests
  10 orc wizards
  6 worker ants
  3 hound zombies
  3 hound skeletons
  12 gnolls
  7 worker ant zombies
  14 adders
  6 shadow imps
  3 white imps (D:10)
  3 ufetubi (D:10)
  An ooze (D:1)
  An adder zombie (D:10)
  5 adder skeletons
  2 worms
  3 dart slugs (D:1)
  8 leopard geckos
  45 orcs
  2 ball pythons
  7 bats
  4 giant cockroaches
  4 goblins
  7 hobgoblins
  10 jackals
  7 quokkas
  4 frilled lizards
  A giant cockroach zombie (D:5)
  19 kobolds
  A leopard gecko zombie (D:5)
  A quokka skeleton (D:5)
  A quokka zombie (D:5)
  6 rats
360 creatures vanquished.

Vanquished Creatures (others)
  3 fungi (D:11)
  7 plants (D:11)
10 creatures vanquished.

Grand Total: 370 creatures vanquished

Notes
Turn   | Place    | Note
-------+----------+-------------------------------------------
     0 | D:1      | Hasart the Deep Elf Earth Elementalist began the quest for
                  | the Orb.
     0 | D:1      | Reached XP level 1. HP: 10/10 MP: 6/6
   181 | D:1      | Reached XP level 2. HP: 15/15 MP: 5/8
   665 | D:1      | Found a shattered altar of Ashenzari.
   855 | D:1      | Reached XP level 3. HP: 6/19 MP: 7/10
  1371 | D:2      | Learned a level 3 spell: Stone Arrow
  1600 | D:2      | Reached XP level 4. HP: 9/24 MP: 11/11
  1758 | D:2      | Reached skill level 4 in Spellcasting
  2065 | D:2      | Found a shattered altar of Ashenzari.
  2069 | D:2      | Found a bloodstained altar of Trog.
  2073 | D:2      | Found a snail-covered altar of Cheibriados.
  2083 | D:2      | Found a shadowy altar of Dithmenos.
  2091 | D:2      | Found a blossoming altar of Fedhas.
  2365 | D:3      | Reached skill level 1 in Conjurations
  2616 | D:3      | Found a faded altar of an unknown god.
  2703 | D:3      | Reached XP level 5. HP: 25/28 MP: 7/13
  3330 | D:4      | Found a burning altar of Makhleb.
  3332 | D:4      | Reached skill level 5 in Earth Magic
  3408 | D:4      | Reached XP level 6. HP: 32/32 MP: 12/15
  3445 | D:4      | Found a staircase to the Ecumenical Temple.
  3453 | Temple   | Entered the Ecumenical Temple
  3514 | Temple   | Became a worshipper of Vehumet
  3766 | D:4      | Reached skill level 5 in Spellcasting
  3778 | D:4      | Learned a level 5 spell: Lee's Rapid Deconstruction
  3782 | D:4      | Learned a level 3 spell: Mephitic Cloud
  4066 | D:5      | Entered Level 5 of the Dungeon
  4069 | D:5      | Found a glowing golden altar of the Shining One.
  4080 | D:5      | Noticed Grinder
  4083 | D:5      | Killed Grinder
  4083 | D:5      | Reached skill level 1 in Air Magic
  4083 | D:5      | Reached skill level 1 in Poison Magic
  4083 | D:5      | Reached XP level 7. HP: 36/36 MP: 6/17
  4101 | D:5      | Reached skill level 5 in Dodging
  4173 | D:5      | You fall through a shaft!
  4215 | D:6      | Noticed Duvessa
  4215 | D:6      | Noticed Dowan
  4679 | D:6      | Reached skill level 6 in Spellcasting
  4679 | D:6      | Reached skill level 5 in Conjurations
  4679 | D:6      | Reached XP level 8. HP: 41/41 MP: 10/19
  4809 | D:6      | Found a stormy altar of Qazlal.
  5074 | D:6      | Killed Dowan
  5199 | D:6      | Killed Duvessa
  5410 | D:5      | Reached * piety under Vehumet
  5410 | D:5      | Offered knowledge of Flame Tongue by Vehumet.
  5673 | D:5      | Noticed Eustachio
  5726 | D:4      | Killed Eustachio
  5726 | D:4      | Reached skill level 7 in Spellcasting
  5949 | D:5      | Noticed Blork the orc
  5955 | D:5      | Killed Blork the orc
  5955 | D:5      | Reached XP level 9. HP: 32/45 MP: 1/21
  6214 | D:5      | Reached ** piety under Vehumet
  6214 | D:5      | Offered knowledge of Freeze by Vehumet.
  6462 | D:5      | Found a shimmering altar of Xom.
  6467 | D:5      | Noticed an angel
  6476 | D:5      | Found a glowing silver altar of Zin.
  6776 | D:5      | Found a hazy altar of Hepliaklqana.
  6777 | D:5      | Found a sacrificial altar of Ru.
  7186 | D:7      | Got a smelly scale mail
  7187 | D:7      | Identified the cursed +1 scale mail "Plog" {*Contam rF+++
                  | rCorr MP-9} (You found it on level 7 of the Dungeon)
  7209 | D:7      | Reached skill level 8 in Spellcasting
  7287 | D:7      | Reached skill level 1 in Fighting
  7613 | D:7      | Noticed a two-headed ogre
  7625 | D:7      | Killed a two-headed ogre
  7625 | D:7      | Reached skill level 1 in Long Blades
  7625 | D:7      | Reached skill level 9 in Spellcasting
  7625 | D:7      | Reached XP level 10. HP: 53/53 MP: 2/25
  7784 | D:7      | Offered knowledge of Dazzling Spray by Vehumet.
  7869 | D:7      | Found a sparkling altar of Nemelex Xobeh.
  8626 | D:9      | Noticed a two-headed ogre
  8633 | D:9      | Killed a two-headed ogre
  8633 | D:9      | Reached *** piety under Vehumet
  8780 | D:9      | Got a bound bronze ring
  8800 | D:9      | Identified the ring "Pifridie" {rCorr rC+ Slay+3} (You
                  | found it on level 9 of the Dungeon)
  9071 | D:9      | Paralysed by a kobold for 2 turns
  9812 | D:10     | Entered Level 10 of the Dungeon
  9815 | D:10     | Noticed Josephine
  9819 | D:10     | Reached skill level 10 in Spellcasting
  9822 | D:10     | Killed Josephine
  9936 | D:10     | Offered knowledge of Throw Icicle by Vehumet.
 10027 | D:10     | Found an opulent altar of Gozag.
 10105 | D:10     | Reached XP level 11. HP: 60/60 MP: 6/27
 10221 | D:10     | Noticed a death knight
 10261 | D:10     | Killed a death knight
 10261 | D:10     | Reached skill level 11 in Spellcasting
 10570 | D:10     | Reached **** piety under Vehumet
 10643 | D:10     | Offered knowledge of Bolt of Magma by Vehumet.
 10741 | D:10     | Learned a level 5 spell: Bolt of Magma
 11053 | D:11     | Noticed a sixfirhy
 11147 | D:11     | Found a staircase to the Orcish Mines.
 11151 | D:11     | Reached skill level 1 in Fire Magic
 11288 | D:11     | Noticed a six-headed hydra
 11431 | D:11     | Killed a six-headed hydra
 11431 | D:11     | Reached skill level 12 in Spellcasting
 11431 | D:11     | Reached skill level 10 in Conjurations
 11912 | D:11     | Reached ***** piety under Vehumet
 11917 | D:11     | Offered knowledge of Force Lance by Vehumet.
 12206 | D:11     | Found a staircase to the Lair.
 12350 | D:11     | Reached skill level 13 in Spellcasting
 12552 | D:11     | Reached skill level 10 in Earth Magic
 13012 | D:12     | Reached XP level 12. HP: 66/66 MP: 14/31
 13311 | D:12     | Found Isaaca's Distillery.
 13327 | D:12     | Bought a potion of mutation for 96 gold pieces
 13636 | D:13     | Noticed an eight-headed hydra
 13640 | D:13     | Killed an eight-headed hydra
 13640 | D:13     | Noticed a centaur warrior
 13836 | D:13     | Noticed a centaur warrior
 13842 | D:13     | Noticed a deep troll earth mage
 13854 | D:13     | Killed a centaur warrior
 13858 | D:13     | Demolished by a shadow

Skill      XL: |  1  2  3  4  5  6  7  8  9 10 11 |
---------------+----------------------------------+-----
Earth Magic    | 4 5 6 8 10 | 10.4
Dodging        | 3 4 5 6 7 8 |  8.0
Spellcasting   | 4 5 6 7 9 10 13 | 13.8
Conjurations   | 1 2 4 5 7 8 9 10 | 10.8
Air Magic      | 1 3 |  3.0
Poison Magic   | 1 2 3 |  3.0
Fighting       | 2 3 4 |  4.0
Long Blades    | 1 3 |  3.0
Fire Magic     | 4 |  4.8
Stealth        | |  2.4
Transmutations | |  1.1

Action                   |  1- 3 |  4- 6 |  7- 9 | 10-12 || total
-------------------------+-------+-------+-------+-------++-------
Melee: Spear             |    81 |    47 |    18 |       ||   146
       Scimitar          |       |       |    61 |    89 ||   150
 Cast: Sandblast         |    34 |    55 |       |       ||    89
       Stone Arrow       |       |     3 |   111 |   256 ||   370
       Lee's Rapid Decon |       |       |    17 |    41 ||    58
       Mephitic Cloud    |       |       |     8 |     3 ||    11
       Bolt of Magma     |       |       |       |     6 ||     6
  Use: Scroll            |       |       |     7 |       ||     7
       Potion            |       |       |     1 |     9 ||    10
 Stab: Sleeping          |     4 |     1 |       |     1 ||     6
       Confused          |       |       |     1 |       ||     1
  Eat: Chunk             |     2 |     6 |    12 |    19 ||    39
       Ration            |       |       |     2 |     2 ||     4
Armor: Robe              |    17 |    19 |    15 |    30 ||    81
Dodge: Dodged            |    70 |    42 |   111 |   130 ||   353
       Rpst.: Scimitar   |       |       |    24 |    39 ||    63
